 Dungeon Crawl Stone Soup version 0.30-a0-385-gfebfb9b (webtiles) character file.

Game seed: 11120145776311444673

66 BarneyGumball the Sneak (level 4, 0/23 HPs)
             Began as a Vine Stalker Brigand on Dec 2, 2022.
             Succumbed to a kobold's poison
             ... on level 3 of the Dungeon.
             The game lasted 00:11:27 (1518 turns).

BarneyGumball the Sneak (Vine Stalker Brigand)      Turns: 1518, Time: 00:11:28

Health: 0/23       AC:  3    Str: 12 (14) XL:     4   Next: 15%
Magic:  4/5        EV: 11    Int: 10 (11) God:
Gold:   109        SH:  0    Dex: 16 (17) Spells: 3/3 levels left

rFire   . . .      SeeInvis .    a - +2 dagger
rCold   . . .      Faith    .    (no shield)
rNeg    . . .      Spirit   +    b - +0 robe
rPois   .          Reflect  .    (no helmet)
rElec   .          Harm     .    c - +0 cloak
rCorr   .          Rampage  .    (no gloves)
Will    .....                    (no boots)
Stlth   +++.......               (no amulet)
HPRegen 1.03/turn                (no ring)
MPRegen 0.09/turn                (no ring)

@: lethally poisoned (0 -> -9)
A: fangs 2, regeneration 1, magic shield, antimagic bite, no potion heal 2,
mutation resistance 1
a: no special abilities


You were on level 3 of the Dungeon.
You visited 1 branch of the dungeon, and saw 3 of its levels.

You collected 109 gold pieces.

Inventory:

Hand Weapons
 a - a +2 dagger (weapon)
Missiles
 d - 13 poisoned darts (quivered)
 e - 3 curare-tipped darts
 u - 4 atropa-tipped darts
Armour
 b - a +0 robe (worn)
 c - a +0 cloak (worn)
Jewellery
 n - an amulet of faith
Wands
 s - a wand of charming (9)
Scrolls
 f - 2 scrolls of teleportation {unknown}
 g - 5 scrolls of identify {unknown}
 h - a scroll of immolation {unknown}
 j - a scroll of brand weapon {unknown}
 k - a scroll of blinking {unknown}
 l - a scroll of enchant armour {unknown}
 m - a scroll of vulnerability {unknown}
 t - a scroll of torment {unknown}
Potions
 i - a potion of attraction {unknown}
 o - a potion of berserk rage {unknown}
 p - a potion of cancellation
 q - a potion of mutation


   Skills:
 - Level 1.7 Fighting
 * Level 3.1 Short Blades
 + Level 2.3 Throwing
 - Level 0.7 Dodging
 + Level 5.4 Stealth


You had 3 spell levels left.
You didn't know any spells.
Your spell library contained the following spells:

 Spells                   Type           Power      Damage    Failure   Level
 Ensorcelled Hibernation  Hex/Ice        0%         N/A       50%         2
 Spider Form              Tmut/Pois      0%         N/A       75%         3
 Anguish                  Hex/Necr       0%         N/A       98%         4


Dungeon Overview and Level Annotations

Branches:
Dungeon (3/15)

Altars:

Shops:
D:1 (


Innate Abilities, Weirdness & Mutations

You have extremely sharp teeth.
Your natural rate of healing is unusually fast.
When hurt, damage is shared between your health and your magic reserves.
Your bite disrupts and absorbs the magic of your enemies.
Potions cannot restore your health.
You are somewhat resistant to further mutation.


Message History

Found a shiny orb.
You hit the hobgoblin.
The hobgoblin is heavily wounded.
You hit the hobgoblin. You bite the hobgoblin.
You kill the hobgoblin!
A kobold comes into view. It is wielding a +0 dagger of venom.
Found a spear.
The kobold shouts!
There is an open door here.
You closely miss the kobold. The kobold hits you but does no damage.
You are poisoned.
A giant cockroach comes into view.
The kobold attacks as you move away! The kobold hits you but does no damage.
You are more poisoned.
You feel very sick. The kobold attacks as you move away!
The kobold hits you but does no damage.
You feel very sick.
There is a stone staircase leading down here.
You miss the kobold.
You feel sick. The kobold barely misses you.
You hit the kobold but do no damage.
You feel very sick. The kobold barely misses you.
You hit the kobold.
The kobold is heavily wounded.
You feel sick.
The kobold hits you with a +0 dagger of venom.
You are lethally poisoned!
It was a potion of cancellation.
You feel magically purged.
* * * LOW HITPOINT WARNING * * *
You feel very sick. The kobold barely misses you.
It was a potion of mutation.
You feel extremely strange.
You feel genetically stable.
* * * LOW HITPOINT WARNING * * *
You feel very sick. The kobold hits you but does no damage.
You are more poisoned.
It was a potion of degeneration.
There was something very wrong with that liquid.
You feel weakened.
You feel dopey.
You feel clumsy.
You die...

... #.# ..## #.#
...# #.# #.(# #.#
#..# #.# #..# #.#
#..# #.#
#..###.#############
#.K@...............#
#B################.#
.............# #.#
.....[.......# #.#
.............# #.#
.............# #.#
.............# #.#
.............# #.#
..........)..# #.#


You could see a giant cockroach and a kobold.

Vanquished Creatures
  2 adders (D:2)
  A worm (D:2)
  5 endoplasms
  3 giant cockroaches
  4 goblins
  4 hobgoblins
  3 jackals (D:2)
  3 quokkas (D:2)
  5 ball pythons
  3 bats
  5 frilled lizards
  2 kobolds (D:1)
  4 rats
44 creatures vanquished.

Notes
Turn   | Place    | Note
-------+----------+-------------------------------------------
     0 | D:1      | BarneyGumball the Vine Stalker Brigand began the quest for
                  | the Orb.
     0 | D:1      | Reached XP level 1. HP: 11/11 MP: 2/2
   112 | D:1      | Found Joiqirea's Weapon Shoppe.
   155 | D:1      | Reached skill level 5 in Stealth
   155 | D:1      | Reached XP level 2. HP: 15/15 MP: 3/3
   747 | D:2      | Reached XP level 3. HP: 18/18 MP: 4/4
   763 | D:2      | Identified the +5 falchion "Oniymom" {elec, rC- Str+3 Dex+4
                  | Stlth+}
  1161 | D:2      | Gained mutation: Your natural rate of healing is unusually
                  | fast. [Vine Stalker growth]
  1161 | D:2      | Reached XP level 4. HP: 23/23 MP: 5/5
  1517 | D:3      | Gained mutation: You are somewhat resistant to further
                  | mutation. [potion of mutation]
  1518 | D:3      | Succumbed to a kobold's poison

Illustrated notes

Levels and vault maps discovered:
D:1:      minmay_arrival_semitransparent, layout_rooms, serial_rivers,
          chequers_serial_rivers_room_a, chequers_serial_rivers_small_3,
          chequers_serial_rivers_large_b, chequers_serial_rivers_micro_b,
          serial_shops, nicolae_shop_temple_entry_statues_fountains,
          minmay_circled_x
D:2:      layout_rooms, chequers_serial_rivers_large_a, st_stairs_12,
          hex_medium, roderic_serpentine_path
D:3:      layout_basic, uniq_natasha

Skill      XL: |  1  2  3 |
---------------+----------+-----
Short Blades   | 2 3 |  3.1
Stealth        | 5 |  5.4
Throwing       | 2 |  2.3
Fighting       | |  1.7
Dodging        | |  0.7

Action                   |  1- 3 |  4- 6 || total
-------------------------+-------+-------++-------
Melee: Dagger            |    98 |    17 ||   115
       Bite              |    20 |     4 ||    24
       Punch             |       |     1 ||     1
  Use: Potion            |       |     3 ||     3
 Stab: Sleeping          |     8 |     1 ||     9
Armor: Robe              |    17 |     6 ||    23
Dodge: Dodged            |    35 |     8 ||    43

Table legend: (Time is in decaauts)
 A = Elapsed time spent in this place.
 B = Non-inter-level travel time spent in this place.
 C = Inter-level travel time spent in this place.
 D = Time resting spent in this place.
 E = Time spent auto-exploring this place.
 F = Levels seen in this place.
 G = Mean time per level.
                   A        B        C        D        E       F      G
               +--------+--------+--------+--------+--------+-----+--------+
         Total |   1546 |   1403 |    143 |      4 |    852 |   3 |  515.3 |
       Dungeon |   1546 |   1403 |    143 |      4 |    852 |   3 |  515.3 |
               +--------+--------+--------+--------+--------+-----+--------+

Top non-repeatable levels by time:
     D:2: 806 daAuts
     D:1: 669 daAuts
     D:3: 70 daAuts
